AoeStats
← Matta Andre

Northern Isles

510699662Analyzed
1v1 RM · 15h ago on Oct 2, 2026· 32m 53s· 2 players
Game mode
Random Map
Map size
Tiny (2 player)
Population
200
Speed
Normal
Resources
Standard
Victory
Conquest
Starting age
Dark Age
Ending age
Imperial Age
RankedLock teamsTeams togetherTeam positionsShared explorationLock speedFull tech treeHidden civsTurbo modeCheats
Victory
Defeat
🇨🇱 Japanese · Chile
712
+14
🇺🇸 Chinese · United States
662
-14
Matta Andre
9:41 Feudal Age
10:23 Double-Bit Axe
11:15 Wheelbarrow
10:36 Gold Mining
16:49 Fletching
18:43 Padded Archer Armor
25:25 Castle Age
24:00 Horse Collar
24:36 Stone Mining
27:07 Wheelbarrow
27:10 Gold Shaft Mining
29:00 Hand Cart
29:06 Bodkin Arrow
29:27 Leather Archer Armor
32:29 Stone Shaft Mining
Mitik0
11:35 Feudal Age
12:20 Double-Bit Axe
12:23 Fishing Lines
17:42 Forging
17:38 Scale Barding Armor
18:09 Bloodlines
18:16 Town Watch
18:48 Loom
26:05 Castle Age
26:38 Wheelbarrow
25:59 Gold Mining
25:59 Stone Mining
27:36 Town Patrol
27:03 Light Cavalry
27:44 Husbandry
28:20 Iron Casting
28:06 Chain Barding Armor
32:27 Gold Shaft Mining
Connection lost

Rejoining the realm…

Still unreachable

The connection could not be restored.

Session expired

The server has moved on; the page needs a fresh start.